Match 44940078
Unlisted

Match 44940078
End
Construct Infanterie Kompanie
Selects Terror Battlegroup
Selects Machine Gun Camouflage
MG 42 Machine Gun Team
Grenadier Squad
Grenadier Squad
Construct Panzergrenadier Kompanie
251 Medium Carrier
Panzergrenadier Squad
Panzergrenadier Officer Quarters
Medical Bunker
Support Elements
Nebelwerfer 42 Rocket Launcher Team
StuG III G Assault Gun
Pioneer Squad
StuG III G Assault Gun
Medical Bunker
Nebelwerfer 42 Rocket Launcher Team
Selects Defend the Fatherland
Pioneer Squad
StuG III G Assault Gun
Medical Bunker
Selects Contempt for the Weak
Repair Bunker
Selects King Tiger Heavy Tank
Side Skirts
打飞医保卡
墨书
茶靡
ikersus25
波菜
杨司令
JT
孤冰月
0
0

Comments sign in to comment!

No comments posted yet!